 Dungeon Crawl Stone Soup version 0.30.1-3-gfc49f6343a (webtiles) character file.

Game seed: 9726583845874684825

469 Condegh the Poker (level 7, -5/54 HPs)
             Began as a Merfolk Gladiator on Aug 9, 2023.
             Slain by an orc warrior
             ... wielding a +0 battleaxe
              (12 damage)
             ... on level 4 of the Dungeon.
             The game lasted 00:19:40 (3289 turns).

Condegh the Poker (Merfolk Gladiator)               Turns: 3289, Time: 00:19:40

Health: -5/54      AC: 15    Str: 16    XL:     7   Next: 9%
Magic:  7/7        EV:  6    Int: 13    God:
Gold:   211        SH:  0    Dex: 16    Spells: 6/6 levels left

rFire   . . .        a - +0 trident
rCold   . . .        (no shield)
rNeg    . . .        D - +0 plate armour
rPois   .            c - +0 helmet
rElec   .            (no cloak)
rCorr   +            j - +2 pair of gloves
SInv    .            (no boots)
Will    .....        (no amulet) Stlth
                     m - +6 ring of intelligence
HPRegen 0.29/turn    t - ring of resist corrosion
MPRegen 0.10/turn

%: no passive effects
@: no status effects
A: (nimble swimmer 2), mertail
a: no special abilities


You were on level 4 of the Dungeon.
You visited 1 branch of the dungeon, and saw 4 of its levels.
You also visited: Sewer.

You collected 211 gold pieces.

Inventory:

Hand Weapons
 a - a +0 trident (weapon)
 F - the +2 short sword "Kailaez" {vamp, rC+ Str+2 Dex+3}
   (You took it off a kobold on level 4 of the Dungeon)

   Str:       It affects your strength (+2).
   Dex:       It affects your dexterity (+3).
   rC:        It protects you from cold.
Missiles
 d - 6 throwing nets (quivered)
 e - a javelin
Armour
 b - a +0 leather armour
 c - a +0 helmet (worn)
 j - a +2 pair of gloves (worn)
 o - a +0 ring mail
 D - a +0 plate armour (worn)
Jewellery
 m - a +6 ring of intelligence (left hand)
 t - a ring of resist corrosion (right hand)
Scrolls
 f - a scroll of fog {unknown}
 l - 5 scrolls of identify {unknown}
 n - a scroll of fear {unknown}
 p - a scroll of immolation {unknown}
 v - a scroll of butterflies {unknown}
 w - 4 scrolls of magic mapping {unknown}
 x - 2 scrolls of teleportation {unknown}
 y - a scroll of enchant weapon {unknown}
 A - a scroll of noise {unknown}
 B - a scroll of poison {unknown}
 C - a scroll of brand weapon {unknown}
 E - a scroll of amnesia {unknown}
Potions
 g - 3 potions of attraction {unknown}
 h - 2 potions of brilliance {unknown}
 i - 2 potions of degeneration {unknown}
 k - 2 potions of flight {unknown}
 q - a potion of resistance {unknown}
 r - 2 potions of ambrosia {unknown}
 s - a potion of cancellation {unknown}
 u - 6 potions of heal wounds
 z - a potion of lignification {unknown}


   Skills:
 + Level 4.0 Fighting
 + Level 7.0 Polearms
 - Level 2.0 Throwing
 + Level 3.2 Armour
 + Level 4.1 Dodging


You had 6 spell levels left.
You didn't know any spells.
Your spell library contained the following spells:

 Spells                   Type           Power      Damage    Failure   Level
 Ensorcelled Hibernation  Hex/Ice        0%         N/A       100%        2
 Passwall                 Tmut/Erth      0%         N/A       100%        2
 Call Canine Familiar     Summ           0%         N/A       100%        3
 Inner Flame              Hex/Fire       0%         N/A       100%        3
 Portal Projectile        Hex/Tloc       0%         N/A       100%        3
 Swiftness                Air            0%         N/A       100%        3
 Leda's Liquefaction      Hex/Erth       0%         N/A       100%        4
 Yara's Violent Unravell  Hex/Tmut       0%         3d3       100%        5
 Enfeeble                 Hex            0%         N/A       100%        7


Dungeon Overview and Level Annotations

Branches:
Dungeon (4/15)              Sewer (visited)
 Temple: D:4-7

Altars:
Nemelex Xobeh


Innate Abilities, Weirdness & Mutations

((You are very nimble when in or above water. (Stealth+, EV+, Speed+++)))
Your lower body shifts to a powerful aquatic tail in water.


Message History

Aim: a kobold, wielding the +2 short sword "Kailaez" {vamp, rC+ Str+2 Dex+3} and quivering stones (about 42% to evade your +0 trident)
You reach to attack!
You hit the kobold.
You kill the kobold!
Found a stone staircase leading down.
E - a scroll labelled BUDOEF UCSUCKU You now have 211 gold pieces (gained 14).
Things that are here:
the +2 short sword "Kailaez" {vamp, rC+ Str+2 Dex+3}; 7 stones
F - the +2 short sword "Kailaez" {vamp, rC+ Str+2 Dex+3} Search for what [? for help]?
Okay, then.
Okay, then.
Search for what [? for help]? d An orc warrior is nearby!
Reach: a) +0 trident
Press: ? - help, Dir - move target, f - orc warrior
Aim: an orc warrior, wielding a +0 battleaxe and wearing a +0 plate armour (about 36% to evade your +0 trident)
You reach to attack!
You hit the orc warrior but do no damage.
You hit the orc warrior but do no damage.
The orc warrior hits you with a +0 battleaxe!
The orc priest shouts!
You puncture the orc warrior!
The orc warrior is moderately wounded.
The orc warrior hits you with a +0 battleaxe!!
* * * LOW HITPOINT WARNING * * *
Found a scroll labelled VEH DEUSALLUNUI.
Found a stone staircase leading down.
The orc warrior attacks as you move away!
The orc warrior hits you but does no damage.
Found a sharpened glass wand.
The orc warrior attacks as you move away!
The orc warrior hits you with a +0 battleaxe!
* * * LOW HITPOINT WARNING * * *
The orc warrior attacks as you move away!
The orc warrior hits you with a +0 battleaxe.
* * * LOW HITPOINT WARNING * * *
The orc warrior attacks as you move away!
The orc warrior hits you with a +0 battleaxe!
You die...

.....#/....## ........?...>##
............>..#
..............###
..............#_#
......).......#'###
...................#
............o@....<#
...................#
........(##.###....#
.........o.........###
.#..................###
..##..........#....#...#######
.......)......#....###........
...###.)))..........#########.
..)...................########


You could see an orc warrior and an orc priest.

Vanquished Creatures
  A scorpion (D:4)
  A howler monkey (D:4)
  2 hounds
  2 orc priests (D:4)
  4 gnolls (D:4)
  8 adders
  2 river rats (D:4)
  An ufetubus (D:4)
  7 worms
  2 dart slugs (D:1)
  5 orcs
  11 ball pythons
  6 bats
  8 endoplasms
  A giant cockroach (D:3)
  10 hobgoblins
  4 jackals (D:2)
  3 quokkas
  8 frilled lizards
  8 goblins
  4 kobolds
  6 rats
104 creatures vanquished.

Notes
Turn   | Place    | Note
-------+----------+-------------------------------------------
     0 | D:1      | Condegh the Merfolk Gladiator began the quest for the Orb.
     0 | D:1      | Reached XP level 1. HP: 16/16 MP: 1/1
   258 | D:1      | Reached XP level 2. HP: 23/23 MP: 2/2
   734 | D:1      | Reached XP level 3. HP: 28/28 MP: 3/3
   975 | D:2      | Reached skill level 1 in Armour
  1381 | D:2      | Reached XP level 4. HP: 35/35 MP: 4/4
  1684 | D:2      | Reached skill level 5 in Polearms
  2012 | D:3      | Reached XP level 5. HP: 41/41 MP: 5/5
  2488 | D:4      | HP: 2/42 [hound (5)]
  2516 | D:4      | Reached skill level 6 in Polearms
  2516 | D:4      | Reached XP level 6. HP: 39/48 MP: 6/6
  2540 | D:4      | Noticed an orc warrior
  2705 | D:4      | Found a glowing drain.
  2710 | Sewer    | Entered a sewer
  3185 | D:4      | Found a sparkling altar of Nemelex Xobeh.
  3193 | D:4      | Reached skill level 7 in Polearms
  3193 | D:4      | Reached XP level 7. HP: 54/54 MP: 7/7
  3257 | D:4      | Identified the +2 short sword "Kailaez" {vamp, rC+ Str+2
                  | Dex+3}
  3289 | D:4      | Slain by an orc warrior

Illustrated notes

Levels and vault maps discovered:
D:1:      elethiomel_arrival_quiet, layout_basic, grunt_decor_resistance
D:2:      kennysheep_big_flooded_room, layout_basic
D:3:      layout_rooms, serial_forest, infiniplex_forest_clump_double,
          infiniplex_forest_lined_room_2, infiniplex_forest_clump_long,
          infiniplex_forest_lined_room_2, infiniplex_forest_clump_C
D:4:      layout_rooms, mainiacjoe_overflow_six_doors_small, kennysheep_mini,
          lightli_sewer_entry_pipes

Skill      XL: |  1  2  3  4  5  6 |
---------------+-------------------+-----
Armour         | 1 2 3 |  3.2
Fighting       | 3 4 |  4.0
Polearms       | 5 6 7 |  7.0
Throwing       | |  2.0
Dodging        | |  4.1

Action                     |  1- 3 |  4- 6 |  7- 9 || total
---------------------------+-------+-------+-------++-------
  Melee: Trident           |   126 |   236 |    36 ||   398
         Punch             |     1 |     4 |       ||     5
         Tailslap          |       |     4 |       ||     4
    Use: Potion            |       |     1 |       ||     1
   Stab: Sleeping          |     1 |     1 |       ||     2
 Armour: Leather armour    |    14 |       |       ||    14
         Ring mail         |    16 |    87 |    22 ||   125
         Plate armour      |       |       |     2 ||     2
  Dodge: Dodged            |    66 |   147 |    18 ||   231
